 Dungeon Crawl Stone Soup version 0.23-a0-29-g1be82e5 (webtiles) character file.

653 asd12 the Sneak (level 7, -2/50 HPs)
             Began as a Demonspawn Assassin on Aug 3, 2018.
             Killed from afar by an orc wizard (10 damage)
             ... with a puff of flame
             ... on level 5 of the Dungeon.
             The game lasted 00:08:34 (4401 turns).

asd12 the Sneak (Demonspawn Assassin)               Turns: 4401, Time: 00:08:34

Health: -2/50      AC:  5    Str: 11    XL:     7   Next: 28%
Magic:  2/7        EV: 14    Int: 18    God:
Gold:   120        SH:  0    Dex: 16    Spells: 6/6 levels left

rFire    . . .     SeeInvis .   a - +2 dagger
rCold    . . .     Gourm    .   (no shield)
rNeg     . . .     Faith    .   c - +0 robe
rPois    .         Spirit   .   (no helmet)
rElec    .         Reflect  .   d - +0 cloak
rCorr    .         Harm     .   (gloves unavailable)
MR       .....                  (no boots)
Stlth    +++.......             (no amulet)
HPRegen  0.16/turn              (no ring)
MPRegen  0.10/turn              (no ring)

@: brilliant
A: claws 3, yellow scales 1
a: no special abilities


You were on level 5 of the Dungeon.
You were not hungry.

You visited 1 branch of the dungeon, and saw 5 of its levels.

You collected 120 gold pieces.

Inventory:

Hand Weapons
 a - a +2 dagger (weapon)
 b - a +0 blowgun
 w - a +2 antimagic whip
Missiles
 e - 4 poisoned needles
 f - 2 curare-tipped needles
 s - 7 needles of confusion
 v - a throwing net (quivered)
Armour
 c - a +0 robe (worn)
 d - a +0 cloak (worn)
Jewellery
 i - a +4 amulet of reflection {unknown}
Wands
 q - a wand of acid (6)
Scrolls
 h - 8 scrolls of identify {unknown}
 n - 2 scrolls of teleportation {unknown}
 o - 2 scrolls of remove curse {unknown}
 r - 2 scrolls of fog {unknown}
Potions
 j - a potion of degeneration {unknown}
 k - a potion of flight {unknown}
 l - 3 potions of brilliance
 m - 3 potions of curing {unknown}
 p - a potion of haste {unknown}
 u - 2 potions of cancellation {unknown}
Comestibles
 g - 9 rations
 t - 4 chunks of flesh


   Skills:
 - Level 2.0 Fighting
 - Level 4.0 Short Blades
 - Level 1.7 Throwing
 + Level 4.3 Dodging
 + Level 6.0 Stealth


You had 6 spell levels left.
You didn't know any spells.
Your spell library was empty.

Dungeon Overview and Level Annotations

Branches:
Dungeon (5/15)
 Temple: D:4-7

Altars:
Trog


Innate Abilities, Weirdness & Mutations

You have claws for hands.
You are partially covered in yellow scales. (AC +2)


Message History

* * * LOW HITPOINT WARNING * * *
You closely miss the orc priest.
The orc priest is severely wounded.
The orc priest closely misses you.
You hit the orc priest.
The orc priest is almost dead.
The orc priest hits you but does no damage.
You hit the orc priest but do no damage.
The orc priest is almost dead.
You hit the orc priest but do no damage.
The orc priest is almost dead.
The orc priest barely misses you.
You hit the orc priest.
You kill the orc priest!
It was a potion of brilliance.
You feel clever all of a sudden.
You hear some strange, mumbled words.
A puff of flame appears from out of thin air!
The puff of flame hits you!
You die...

#.#.#.#.#..#.########..#.....
##..........#.##..((.#..#####.
...).............###.#..# #.
..>.....o........###.#..#####.
#.##..{#.#........##..........
. #....o..######.##.#........
.......................######
#.####...#(######.##.##.# #
#.....()@.....#.##.######
##..#.######.##.##.#....#
#..#.######.##.##.#.####
#..#...........##.#.#
...#.######.........# ## #.#
#######.#.# #.# #.#.#### #.
#.#..... ########


There were no monsters in sight!

Vanquished Creatures
  Sigmund (D:4)
  An ogre (D:4)
  A howler monkey (D:4)
  A bullfrog zombie (D:5)
  An orc priest (D:5)
  3 hounds (D:4)
  An iguana (D:5)
  7 adders
  4 gnolls (D:4)
  An ooze (D:4)
  3 worms
  8 dart slugs
  A leopard gecko (D:2)
  6 orcs
  A ball python (D:1)
  3 giant cockroaches
  8 hobgoblins
  6 jackals (D:2)
  5 kobolds
  17 bats
  3 frilled lizards (D:3)
  8 goblins
  5 rats
95 creatures vanquished.

Notes
Turn   | Place    | Note
-------+----------+-------------------------------------------
     0 | D:1      | asd12 the Demonspawn Assassin began the quest for the Orb.
     0 | D:1      | Reached XP level 1. HP: 16/16 MP: 1/1
    24 | D:1      | Reached skill level 1 in Dodging
   166 | D:1      | Gained mutation: You have sharp fingernails. [demonic ancestry]
   166 | D:1      | Reached XP level 2. HP: 16/22 MP: 2/2
   818 | D:1      | Gained mutation: You have very sharp fingernails. [demonic ancestry]
   818 | D:1      | Reached XP level 3. HP: 25/27 MP: 3/3
  1340 | D:2      | Reached skill level 4 in Stealth
  1842 | D:3      | Found a bloodstained altar of Trog.
  2002 | D:3      | Gained mutation: You have claws for hands. [demonic ancestry]
  2002 | D:3      | Reached XP level 4. HP: 33/33 MP: 4/4
  2632 | D:3      | Gained mutation: You are partially covered in yellow scales. (AC +2) [demonic ancestry]
  2632 | D:3      | Reached XP level 5. HP: 34/38 MP: 5/5
  3050 | D:4      | Noticed an ogre
  3070 | D:4      | Killed an ogre
  3390 | D:4      | Reached XP level 6. HP: 39/44 MP: 6/6
  3400 | D:4      | Reached skill level 5 in Stealth
  3869 | D:4      | Noticed Sigmund
  3871 | D:4      | Killed Sigmund
  3908 | D:4      | Reached XP level 7. HP: 50/50 MP: 7/7
  4152 | D:5      | Entered Level 5 of the Dungeon
  4357 | D:5      | Reached skill level 6 in Stealth
  4401 | D:5      | Killed from afar by an orc wizard

Vault maps used:
D:1:      ebering_trefoil_3fold
D:3:      kb_forest_paths, lemuel_doored_altar, first_ration
D:4:      serial_glass, glass_columns_a, glass_columns_a, glass_columns_b,
          glass_columns_a, glass_columns_a, glass_columns_b,
          serial_bayou_pond_b, columned_hall_lemuel, uniq_sigmund
D:5:      lemuel_crystal_altar, serial_shops, shop, grunt_ministairs_8,
          uniq_grinder, uniq_crazy_yiuf_cottage, uniq_blork_the_orc

Skill      XL: |  1  2  3  4  5  6  7 |
---------------+----------------------+-----
Dodging        | 1 2 3 4 |  4.3
Short Blades   | 2 3 4 |  4.0
Stealth        | 4 5 6 |  6.0
Fighting       | |  2.0
Throwing       | |  1.7

Action                   |  1- 3 |  4- 6 |  7- 9 || total
-------------------------+-------+-------+-------++-------
Melee: Dagger            |   137 |   142 |    26 ||   305
       Unarmed           |       |     5 |       ||     5
       Whip              |       |       |     6 ||     6
 Fire: Blowgun           |     8 |    16 |    23 ||    47
  Use: Potion            |       |       |     1 ||     1
 Stab: Sleeping          |    15 |    10 |     2 ||    27
       Distracted        |       |       |     1 ||     1
  Eat: Chunk             |     3 |     6 |     2 ||    11
Armor: Robe              |    37 |    21 |     4 ||    62
Dodge: Dodged            |    75 |    80 |    15 ||   170

Table legend:
 A = Spawn XP
 B = Non-spawn XP
 C = Spawn XP percentage of total XP
 D = Spawn monster count
 E = Non-spawn monster count
 F = Spawn count percentage of total count
 G = Total turns spent on level
                    A         B        C        D         E        F      G
               +---------+---------+-------+---------+---------+-------+---------
         Total |       0 |     933 |   0.0 |       0 |      95 |   0.0 |  4401
               +---------+---------+-------+---------+---------+-------+---------
           D:1 |       0 |      42 |   0.0 |       0 |      20 |   0.0 |  1057
           D:2 |       0 |      46 |   0.0 |       0 |      24 |   0.0 |   770
           D:3 |       0 |     117 |   0.0 |       0 |      30 |   0.0 |  1137
           D:4 |       0 |     596 |   0.0 |       0 |      15 |   0.0 |  1188
           D:5 |       0 |     132 |   0.0 |       0 |       6 |   0.0 |   249
               +---------+---------+-------+---------+---------+-------+---------
